AoeStats
← Hectorgvz

Black Forest

505794873Analyzed
3v3 RM · 21d ago on Sep 11, 2026· 55m 39s· 6 players
Game mode
Random Map
Map size
Normal (6 player)
Population
200
Speed
Normal
Resources
Standard
Victory
Conquest
Starting age
Dark Age
Ending age
Imperial Age
RankedLock teamsTeams togetherTeam positionsShared explorationLock speedFull tech treeHidden civsTurbo modeCheats
Victory
Defeat
🇲🇽 Koreans · Mexico
1065
+15
🇦🇺 Burgundians · Australia
1059
+16
🇦🇷 Burmese · Argentina
1051
+16
🇲🇽 Turks · Mexico
1081
-17
🇲🇽 Teutons · Mexico
1050
-16
🇲🇽 Romans · Mexico
1020
-14
Vicintore
1:33 Loom
15:42 Feudal Age
20:21 Castle Age
18:29 Double-Bit Axe
25:45 Imperial Age
36:24 Padded Archer Armor
38:44 Wheelbarrow
39:19 Bow Saw
39:28 Horse Collar
42:55 Fortified Wall
48:59 Husbandry
49:47 Hand Cart
nachovallarta3
2:31 Loom
12:42 Feudal Age
19:59 Castle Age
29:23 Double-Bit Axe
29:20 Horse Collar
34:39 Imperial Age
33:56 Fortified Wall
36:41 Chemistry
36:10 Scale Barding Armor
36:41 Cavalier
40:15 Chain Barding Armor
40:47 Forging
40:28 Fletching
42:41 Paladin
Hectorgvz
2:03 Loom
13:48 Feudal Age
21:00 Castle Age
19:20 Double-Bit Axe
19:29 Man-at-Arms
23:36 Long Swordsman
24:27 Scale Mail Armor
24:39 Forging
25:29 Chain Mail Armor
27:09 Horse Collar
29:54 Iron Casting
32:41 Pikeman
34:22 Wheelbarrow
36:35 Hand Cart
38:24 Squires
41:02 Imperial Age
38:45 Bow Saw
40:48 Gold Mining
41:05 Heavy Plow
41:09 Halberdier
41:36 Legionary
43:23 Blast Furnace
46:14 Conscription
Canek
0:37 Loom
13:30 Feudal Age
24:31 Castle Age
26:11 Fletching
26:39 Double-Bit Axe
27:12 Horse Collar
30:11 Heavy Plow
31:28 Fletching
31:58 Bow Saw
39:41 Imperial Age
37:46 Wheelbarrow
37:47 Squires
37:50 Stone Mining
37:52 Gold Mining
39:11 Hand Cart
38:54 Bodkin Arrow
39:01 Husbandry
38:22 Light Cavalry
39:50 Hussar
40:33 Bracer
42:10 Two-Man Saw
41:24 Fortified Wall
42:54 Chemistry
43:27 Masonry
43:43 Forging
43:34 Scale Mail Armor
44:31 Ballistics
46:06 Treadmill Crane
46:56 Architecture
52:56 Pikeman
54:01 Conscription
54:15 Siege Engineers
54:49 Chain Mail Armor
PATO BULLRICH
3:29 Loom
13:51 Feudal Age
18:47 Castle Age
16:41 Horse Collar
19:31 Bloodlines
24:56 Heavy Plow
27:25 Wheelbarrow
28:21 Padded Archer Armor
30:19 Hand Cart
31:01 Husbandry
31:40 Forging
33:19 Gold Mining
33:20 Stone Mining
33:49 Scale Barding Armor
34:20 Iron Casting
35:17 Chain Barding Armor
34:49 Fletching
35:41 Gold Shaft Mining
38:56 Imperial Age
37:05 Town Watch
37:23 Devotion
38:48 Bodkin Arrow
39:39 Howdah
40:01 Conscription
40:21 Plate Barding Armor
40:51 Blast Furnace
40:51 Crop Rotation
39:50 Elite Battle Elephant
42:16 Guilds
43:35 Elite Arambai
48:01 Gambesons
48:16 Squires
48:03 Arson
47:38 Man-at-Arms
48:23 Scale Mail Armor
48:25 Bracer
50:14 Chain Mail Armor
49:21 Long Swordsman
50:18 Two-Handed Swordsman
51:44 Champion
Rogue
0:38 Loom
1:52 Wheelbarrow
10:13 Double-Bit Axe
14:23 Feudal Age
19:19 Castle Age
17:36 Bow Saw
17:39 Stone Mining
18:05 Horse Collar
18:52 Heavy Plow
22:28 Scale Barding Armor
22:33 Forging
24:05 Hand Cart
26:37 Gold Mining
27:22 Chain Barding Armor
26:31 Cavalier
27:11 Husbandry
33:08 Gold Shaft Mining
39:27 Iron Casting
45:26 Imperial Age
46:30 Paladin
48:18 Plate Barding Armor
47:45 Light Cavalry
Connection lost

Rejoining the realm…

Still unreachable

The connection could not be restored.

Session expired

The server has moved on; the page needs a fresh start.